AoeStats
← mikuu

QS Arena

503568015Analyzed
1v1 RM · 1mo ago on Sep 1, 2026· 46m 52s· 2 players
Game mode
Random Map
Map size
Tiny (2 player)
Population
200
Speed
Normal
Resources
Standard
Victory
Conquest
Starting age
Dark Age
Ending age
Imperial Age
RankedLock teamsTeams togetherTeam positionsShared explorationLock speedFull tech treeHidden civsTurbo modeCheats
Victory
Defeat
🇺🇸 Mongols · United States
1134
+17
🇨🇳 Romans · China
1158
-17
estrellototota
7:14 Feudal Age
9:07 Double-Bit Axe
11:45 Castle Age
9:54 Horse Collar
12:50 Wheelbarrow
17:46 Heavy Plow
20:50 Hand Cart
20:48 Bow Saw
20:51 Stone Mining
21:32 Loom
22:47 Stone Shaft Mining
22:53 Fletching
23:27 Town Watch
24:22 Gold Mining
24:40 Thumb Ring
25:24 Bodkin Arrow
25:52 Ballistics
26:26 Padded Archer Armor
26:39 Bloodlines
26:30 Husbandry
27:32 Leather Archer Armor
28:36 Gold Shaft Mining
32:58 Imperial Age
32:05 Murder Holes
33:42 Bracer
34:44 Chemistry
34:13 Parthian Tactics
34:04 Forging
34:00 Scale Barding Armor
33:45 Elite Mangudai
34:03 Light Cavalry
35:20 Conscription
36:21 Iron Casting
36:38 Hussar
39:04 Blast Furnace
38:25 Chain Barding Armor
mikuu
8:14 Feudal Age
12:57 Castle Age
12:07 Double-Bit Axe
12:14 Gold Mining
12:05 Horse Collar
20:11 Squires
19:32 Man-at-Arms
20:40 Stone Mining
21:03 Bow Saw
22:28 Wheelbarrow
23:04 Gold Shaft Mining
23:43 Hand Cart
23:15 Loom
27:59 Imperial Age
25:31 Town Watch
26:07 Long Swordsman
26:58 Forging
27:28 Scale Mail Armor
28:37 Iron Casting
28:16 Ballistas
30:00 Conscription
29:57 Chain Mail Armor
30:44 Blast Furnace
30:56 Ballistics
31:05 Legionary
33:54 Comitatenses
34:12 Fletching
34:22 Padded Archer Armor
33:52 Heavy Scorpion
34:06 Elite Skirmisher
35:04 Bodkin Arrow
36:37 Leather Archer Armor
39:18 Chemistry
43:00 Pikeman
45:00 Siege Engineers
Connection lost

Rejoining the realm…

Still unreachable

The connection could not be restored.

Session expired

The server has moved on; the page needs a fresh start.